 Dungeon Crawl Stone Soup version 0.31.0-10-gcf4a605ca0 (webtiles) character file.

Game seed: 6807025889651379536

212 Ijustatesigmund the Digger (level 5, 0/32 HPs)
             Began as a Gargoyle Earth Elementalist on Jan 25, 2024.
             Slain by a killer bee (6 damage)
             ... on level 3 of the Dungeon.
             The game lasted 00:04:07 (2863 turns).

Ijustatesigmund the Digger (GrEE)                   Turns: 2863, Time: 00:04:07

Health: 0/32       AC:  7    Str: 12    XL:     5   Next: 89%
Magic:  7/9        EV: 11    Int: 17    God:
Gold:   116        SH:  0    Dex: 10    Spells: 6/10 levels left

rFire   . . .        i - +0 trident
rCold   . . .        (no shield)
rNeg    + . .        a - +0 robe
rPois   ∞            (no helmet)
rElec   +            (no cloak)
rCorr   .            o - +0 pair of gloves
SInv    .            (no boots)
Will    .....        f - amulet of regeneration
Stlth   ++           (no ring)
HPRegen 1.05/turn    (no ring)
MPRegen 0.11/turn

%: no passive effects
@: no status effects
A: sickness immunity, AC +4, negative energy resistance 1, electricity
resistance, torment resistance 1, petrification resistance
a: no special abilities


You were on level 3 of the Dungeon.
You visited 1 branch of the dungeon, and saw 4 of its levels.

You collected 116 gold pieces.

Inventory:

Hand Weapons
 i - a +0 trident (weapon)
Armour
 a - a +0 robe (worn)
 d - a +0 leather armour
 o - a +0 pair of gloves (worn)
 r - a +0 cloak
Jewellery
 f - an amulet of regeneration (around neck)
Wands
 k - a wand of flame (19)
Scrolls
 c - a scroll of revelation {unknown}
 e - 2 scrolls of teleportation {unknown}
 g - a scroll of immolation {unknown}
 m - a scroll of silence {unknown}
 q - 2 scrolls of vulnerability {unknown}
Potions
 b - a potion of magic
 h - a potion of berserk rage
 j - a potion of mutation
 l - a potion of curing
 n - a potion of invisibility
 p - a potion of enlightenment {unknown}


   Skills:
 + Level 2.8 Fighting
 - Level 1.5 Dodging
 - Level 2.1 Stealth
 + Level 3.1 Spellcasting
 + Level 3.1 Conjurations
 + Level 4.9 Earth Magic


You had 6 spell levels left.
You knew the following spells:

 Your Spells              Type           Power      Damage    Failure   Level
a - Sandblast             Erth           38%        2d10      2%          1
b - Stone Arrow           Conj/Erth      32%        3d9       10%         3

Your spell library contained the following spells:

 Spells                   Type           Power      Damage    Failure   Level
 Passwall                 Erth           19%        N/A       7%          3
 Ensorcelled Hibernation  Hex/Ice        4%         N/A       26%         2
 Brom's Barrelling Bould  Conj/Erth      16%        2d4       32%         4
 Inner Flame              Hex/Fire       2%         N/A       45%         3
 Swiftness                Air            2%         N/A       45%         3
 Petrify                  Alch/Erth      11%        N/A       52%         4
 Irradiate                Conj/Alch      4%         3d13      94%         5
 Ignition                 Fire           1%         3d3       100%        8


Dungeon Overview and Level Annotations

Branches:
Dungeon (4/15)
 Temple: D:4-7

Altars:
Ru


Innate Abilities, Weirdness & Mutations

You are immune to sickness and miasma.
Your stone body is resilient. (AC +4)
You are immune to poison.
You resist negative energy. (rN+)
You are resistant to electric shocks. (rElec)
You are resistant to unholy torment.
You are immune to petrification.


Message History

The killer bee misses you.
You hit the killer bee but do no damage.
The killer bee stings you. x3
You closely miss the killer bee.
The killer bee stings you but does no damage.
The killer bee stings you. x2
You are too injured to fight recklessly!
You are too injured to fight recklessly!
You are too injured to fight recklessly!
You are too injured to fight recklessly!
You are too injured to fight recklessly!
You are too injured to fight recklessly!
You are too injured to fight recklessly!
You are too injured to fight recklessly!
You are too injured to fight recklessly!
Casting: Sandblast (safe; 2% risk of failure)
Confirm with . or Enter, or press ? or * to list all spells.
Aiming: Sandblast (safe; 2% risk of failure)
Press: ? - help, Shift-Dir - straight line, f - killer bee
Aim: a killer bee (63% to hit)
The blast of sand hits the killer bee!
The killer bee is severely wounded.
The killer bee barely misses you. The killer bee stings you!
* * * LOW HITPOINT WARNING * * *
The killer bee stings you.
* * * LOW HITPOINT WARNING * * *
Casting: Sandblast (safe; 2% risk of failure)
Confirm with . or Enter, or press ? or * to list all spells.
Okay, then.
Casting: Stone Arrow (quite dangerous; 10% risk of failure)
Confirm with . or Enter, or press ? or * to list all spells.
Aiming: Sandblast (safe; 2% risk of failure)
Press: ? - help, Shift-Dir - straight line, f/p - killer bee
Aim: a killer bee (severely wounded, 63% to hit)
The blast of sand hits the killer bee.
The killer bee is almost dead.
The killer bee stings you.
* * * LOW HITPOINT WARNING * * *
The killer bee barely misses you. The killer bee stings you.
You die...

########## #......#
#.. .....≈≈# #.######
#|. .≈.≈._≈# #.# #.[
.....≈≈############.#
#..
########...##.......#
#######.
###.##.#.#.###
####.......
#....).#.#
#.......##.
####.###.#
#.##.##.... #<.y@.#
#..#....##. #######
##.#..##.##.
#.###.......
##.#.....##.
##.####.... #.# #....
#.# #...† #.# #....
#.# #....


You could see a killer bee.

Vanquished Creatures
  2 orc wizards (D:3)
  5 adders
  3 gnolls (D:3)
  2 ribbon worms
  2 dart slugs (D:2)
  5 orcs (D:3)
  3 ball pythons
  4 endoplasms (D:1)
  3 giant cockroaches (D:2)
  9 goblins
  5 hobgoblins
  7 jackals
  5 quokkas
  3 bats
  4 frilled lizards
  5 kobolds
  7 rats
74 creatures vanquished.

Notes
Turn   | Place    | Note
-------+----------+-------------------------------------------
     0 | D:1      | Ijustatesigmund the Gargoyle Earth Elementalist began the
                  | quest for the Orb.
     0 | D:1      | Reached XP level 1. HP: 10/10 MP: 3/3
   172 | D:1      | Reached XP level 2. HP: 16/16 MP: 3/5
   478 | D:1      | Reached skill level 1 in Fighting
   478 | D:1      | Reached skill level 4 in Earth Magic
   720 | D:1      | Reached XP level 3. HP: 17/20 MP: 3/6
   724 | D:1      | Learned a level 3 spell: Stone Arrow
  1592 | D:2      | Reached XP level 4. HP: 26/26 MP: 4/7
  2002 | D:3      | Found a sacrificial altar of Ru.
  2225 | D:3      | Reached XP level 5. HP: 22/30 MP: 4/9
  2850 | D:4      | Noticed an ogre
  2863 | D:3      | Slain by a killer bee

Illustrated notes

Levels and vault maps discovered:
D:1:      dpeg_arrival_central, layout_loops_ring
D:2:      layout_basic
D:3:      layout_loops_cross, nicolae_ru_path_of_blood
D:4:      layout_loops_cross

Skill      XL: |  1  2  3  4  5 |
---------------+----------------+-----
Fighting       | 1 2 |  2.8
Earth Magic    | 4 |  4.9
Conjurations   | 2 3 |  3.1
Spellcasting   | 3 |  3.1
Dodging        | |  1.5
Stealth        | |  2.1

Action                     |  1- 3 |  4- 6 || total
---------------------------+-------+-------++-------
  Melee: Trident           |    26 |    32 ||    58
   Cast: Sandblast         |    41 |    50 ||    91
    Use: Scroll            |       |     4 ||     4
 Armour: Robe              |    27 |    55 ||    82
  Dodge: Dodged            |    22 |    46 ||    68
